AoeStats
← Leoaveces

Arabia

507585888Analyzed
1v1 RM · 15d ago on Sep 18, 2026· 51m 7s· 2 players
Game mode
Random Map
Map size
Tiny (2 player)
Population
200
Speed
Normal
Resources
Standard
Victory
Conquest
Starting age
Dark Age
Ending age
Imperial Age
RankedLock teamsTeams togetherTeam positionsShared explorationLock speedFull tech treeHidden civsTurbo modeCheats
Victory
Defeat
🇦🇷 Sicilians · Argentina
707
+18
🇦🇷 Lithuanians · Argentina
747
-44
fernando.pe0209
8:37 Loom
10:32 Feudal Age
13:20 Horse Collar
13:30 Double-Bit Axe
30:16 Castle Age
33:54 Stone Mining
35:35 Arson
36:04 Forging
35:45 Fletching
37:52 Heavy Plow
38:07 Bow Saw
40:27 Town Watch
41:02 Gambesons
41:19 Squires
41:58 Iron Casting
41:23 Scale Mail Armor
41:20 Bodkin Arrow
43:28 Pikeman
48:47 Murder Holes
Leoaveces
8:58 Feudal Age
9:54 Double-Bit Axe
17:51 Bloodlines
20:56 Loom
21:13 Fletching
21:16 Man-at-Arms
23:26 Forging
30:06 Arson
33:14 Castle Age
32:30 Stone Mining
33:07 Horse Collar
37:01 Scale Barding Armor
39:05 Husbandry
40:24 Bow Saw
45:47 Iron Casting
49:01 Wheelbarrow
49:31 Heavy Plow
Connection lost

Rejoining the realm…

Still unreachable

The connection could not be restored.

Session expired

The server has moved on; the page needs a fresh start.